 Dungeon Crawl Stone Soup version 0.25.1-2-g60ff931df9 (webtiles) character file.

Game seed: 15338730823105378459

908 HawFromDerth the Thaumaturge (level 7, -4/36 HPs)
             Began as a Deep Elf Summoner on Sept 21, 2020.
             Shot with an arrow by a centaur (12 damage)
             ... on level 7 of the Dungeon.
             The game lasted 00:29:19 (8431 turns).

HawFromDerth the Thaumaturge (Deep Elf Summoner)    Turns: 8431, Time: 00:29:22

Health: -4/36      AC:  3    Str:  7    XL:     7   Next: 81%
Magic:  22/29      EV: 15    Int: 22    God:
Gold:   60         SH:  0    Dex: 15    Spells: 7/22 levels left

rFire    . . .     SeeInvis .   (no weapon)
rCold    . . .     Gourm    .   (no shield)
rNeg     + . .     Faith    +   b - +1 robe {rN+}
rPois    .         Spirit   .   (no helmet)
rElec    +         Reflect  .   (no cloak)
rCorr    .         Harm     .   (no gloves)
MR       +....                  (no boots)
Stlth    ++........             r - amulet "Zaror" {Faith rElec MR+}
HPRegen  0.12/turn              l - ring of magical power
MPRegen  0.21/turn              (no ring)

@: no status effects
A: repulsion field 1, strong 1
a: no special abilities


You were on level 7 of the Dungeon.
You were not hungry.

You visited 1 branch of the dungeon, and saw 7 of its levels.

You collected 159 gold pieces.
You spent 99 gold pieces at shops.

Inventory:

Armour
 a - a +0 robe
 b - a +1 robe of positive energy (worn)
Jewellery
 l - a ring of magical power (left hand)
 m - an uncursed ring of stealth
 r - the amulet "Zaror" (around neck) {Faith rElec MR+}
   (You found it on level 5 of the Dungeon)

   [amulet of faith]

   It allows you to gain divine favour quickly.
   It insulates you from electricity.
   It affects your resistance to hostile enchantments.
Wands
 i - a wand of flame (23)
 j - a wand of random effects (19)
 p - a wand of acid (7)
Scrolls
 e - a scroll of blinking
 g - 4 scrolls of remove curse
 h - a scroll of enchant weapon
Potions
 d - 2 potions of haste
 f - a potion of curing {unknown}
 k - 2 potions of might
 n - a potion of degeneration
 o - a potion of stabbing {unknown}
Comestibles
 c - 6 rations


   Skills:
 + Level 2.6 Dodging
 + Level 3.1 Stealth
 + Level 8.0 Spellcasting
 + Level 1.3 Hexes
 + Level 7.7 Summonings
 + Level 1.3 Ice Magic
 + Level 2.0 Air Magic


You had 7 spell levels left.
You knew the following spells:

 Your Spells              Type           Power        Failure   Level  Hunger
a - Summon Small Mammal   Summ           ####         1%          1    None
b - Call Canine Familiar  Summ           #####...     1%          3    None
c - Summon Guardian Gole  Hex/Summ       ####....     3%          3    None
d - Summon Ice Beast      Ice/Summ       ####....     12%         4    ###....
e - Summon Lightning Spi  Summ/Air       ####....     10%         4    ###....

Your spell library contained the following spells:

 Spells                   Type           Power        Failure   Level  Hunger
 Call Imp                 Summ           #####...     1%          2    None
 Slow                     Hex            ##......     7%          2    None
 Magic Dart               Conj           #...         8%          1    None
 Blink                    Tloc           N/A          11%         2    None
 Mephitic Cloud           Conj/Pois/Air  ##......     17%         3    None
 Conjure Flame            Conj/Fire      #.......     22%         3    None


Dungeon Overview and Level Annotations

Branches:
Dungeon (7/15)
 Temple: D:4-7

Altars:
Ashenzari
Elyvilon
Gozag
Nemelex Xobeh
Okawaru
Sif Muna
Trog
Xom
The Shining One

Shops:
D:4 [   D:5 [


Innate Abilities, Weirdness & Mutations

You are surrounded by a mild repulsion field. (EV +2)
Your muscles are strong. (Str +2)


Message History

Your hound bites the black bear.
Your quokka bites the hound skeleton.
Your hound bites the black bear.
The centaur shoots an arrow.
The arrow hits you.
* * * LOW HITPOINT WARNING * * *
The hound skeleton closely misses you.
Your quokka bites the hound skeleton.
You see here an arrow.
Your hound bites the black bear.
The centaur shoots an arrow.
The arrow misses you.
Your hound barely misses the black bear.
The black bear goes berserk!
The centaur shoots an arrow.
The arrow misses you.
You see here an arrow.
Your hound bites the black bear.
The black bear bites your hound.
The black bear claws your hound. x2; The hound skeleton closely misses you.
Casting: Summon Small Mammal (safe; 1% risk of failure)
Confirm with . or Enter, or press ? or * to list all spells.
Your hound bites the black bear.
The black bear dies!
Your Spellcasting skill increases to level 8!
The centaur shoots an arrow.
The arrow hits you!
You die...

###### #....# #....# #r...#
+########..@Z#######
...........#.r.....#
........#..#...(...#
........#..#....†h.#
........####c....8.##
##########............#
.........'............'.....#
.........#............#.....#
........§#............#.....#


You could see a centaur, a hound skeleton, a friendly guardian golem (summoned),
a friendly hound (summoned, sheltered), a friendly quokka (summoned, sheltered)
and a friendly rat (summoned).

Vanquished Creatures (collateral kills)
  Grinder (D:6)
  3 sky beasts
  A black bear (D:7)
  A phantom (D:7)
  3 ogres
  2 centaurs
  2 bullfrogs (D:6)
  A nameless horror (D:5)
  A crimson imp (D:6)
  2 orc priests (D:5)
  A centaur skeleton (D:6)
  An iguana (D:4)
  2 orc wizards (D:6)
  4 worker ants
  A worker ant zombie (D:5)
  2 gnolls
  6 adders
  A shadow imp (D:6)
  3 oozes
  A worm (D:4)
  3 dart slugs
  8 leopard geckos
  12 orcs
  5 bats
  7 giant cockroaches
  5 goblins
  6 hobgoblins
  4 quokkas
  5 frilled lizards
  A kobold (D:1)
  6 rats
101 creatures vanquished.

Vanquished Creatures (others)
  An ogre (D:6)
1 creature vanquished.

Grand Total: 102 creatures vanquished

Notes
Turn   | Place    | Note
-------+----------+-------------------------------------------
     0 | D:1      | HawFromDerth the Deep Elf Summoner began the quest for the
                  | Orb.
     0 | D:1      | Reached XP level 1. HP: 10/10 MP: 6/6
   120 | D:1      | Found a glowing golden altar of the Shining One.
   499 | D:1      | Reached XP level 2. HP: 15/15 MP: 4/8
  1458 | D:2      | Reached skill level 5 in Summonings
  1742 | D:2      | Reached XP level 3. HP: 19/19 MP: 7/10
  1747 | D:2      | Learned a level 3 spell: Call Canine Familiar
  2753 | D:3      | Reached skill level 4 in Spellcasting
  3166 | D:3      | You fall into a shaft and drop 1 floor!
  3440 | D:4      | Found Dofebb's Armour Emporium.
  3522 | D:4      | Learned a level 3 spell: Summon Guardian Golem
  3678 | D:4      | Noticed an ogre
  3693 | D:4      | Killed an ogre
  3693 | D:4      | Reached XP level 4. HP: 24/24 MP: 5/12
  3699 | D:4      | Learned a level 4 spell: Summon Ice Beast
  4003 | D:4      | Found an iron altar of Okawaru.
  4022 | D:4      | Found a bloodstained altar of Trog.
  4167 | D:4      | Found a white marble altar of Elyvilon.
  4320 | D:4      | Reached XP level 5. HP: 28/28 MP: 9/14
  4615 | D:4      | Found a shattered altar of Ashenzari.
  4619 | D:4      | Found a shimmering altar of Xom.
  4621 | D:4      | Found an opulent altar of Gozag.
  4647 | D:5      | Entered Level 5 of the Dungeon
  4855 | D:5      | Reached skill level 5 in Spellcasting
  4950 | D:5      | Noticed a sky beast
  4966 | D:5      | Killed a sky beast
  4966 | D:5      | Reached skill level 1 in Ice Magic
  5060 | D:5      | Got a vibrating diamond amulet
  5074 | D:5      | Noticed an ogre
  5078 | D:5      | Noticed a nameless horror
  5086 | D:5      | Killed a nameless horror
  5089 | D:5      | Killed an ogre
  5164 | D:5      | Noticed a sky beast
  5267 | D:4      | Killed a sky beast
  5267 | D:4      | Reached skill level 1 in Hexes
  5267 | D:4      | Reached XP level 6. HP: 21/32 MP: 2/16
  5364 | D:4      | Learned a level 4 spell: Summon Lightning Spire
  5399 | D:5      | Gained mutation: You are surrounded by a mild repulsion
                  | field. (EV +2) [potion of mutation]
  5399 | D:5      | Gained mutation: Your muscles are strong. (Str +2) [potion
                  | of mutation]
  5462 | D:5      | Noticed a sky beast
  5493 | D:5      | Killed a sky beast
  5760 | D:5      | Reached skill level 6 in Spellcasting
  6006 | D:5      | Found Wigous's Antique Armour Shop.
  6037 | D:5      | Bought a glowing robe for 99 gold pieces
  6278 | D:6      | Found a sparkling altar of Nemelex Xobeh.
  6308 | D:6      | Identified the amulet "Zaror" {Faith rElec MR+} (You found
                  | it on level 5 of the Dungeon)
  6433 | D:6      | Noticed Grinder
  6451 | D:6      | Killed Grinder
  6451 | D:6      | Reached XP level 7. HP: 17/36 MP: 16/19
  6980 | D:6      | Reached skill level 1 in Air Magic
  7209 | D:6      | Reached skill level 7 in Spellcasting
  7810 | D:6      | Found a shimmering blue altar of Sif Muna.
  8431 | D:7      | Reached skill level 8 in Spellcasting
  8431 | D:7      | Shot with an arrow by a centaur

Illustrated notes

Levels and vault maps discovered:
D:1:      shiori_arrival_oz, layout_basic, tso_metal_star
D:2:      layout_basic, first_ration
D:3:      layout_basic, kennysheep_doodads, nemelex_lonely_heart_becter
D:4:      layout_basic, grunt_temple_overflow_bloody_war, elyvilon_altar_3,
          minitemple, serial_shops, nicolae_shop_stone, roderic_roman_lattice
D:5:      mumra_celtic_spiral_tile, layout_rooms, serial_shops,
          nicolae_shop_overgrown_old_shop
D:6:      layout_loops_cross, nemelex_xobeh_ov_fountains_minmay, tgw_sif,
          serial_park_tiny_2, uniq_grinder
D:7:      layout_gridville, minmay_temple_entry_butterflies, grunt_ministairs_2,
          the_bakery, uniq_maggie

Skill      XL: |  1  2  3  4  5  6  7 |
---------------+----------------------+-----
Summonings     | 5 6 7 |  7.7
Spellcasting   | 4 5 6 8 |  8.0
Ice Magic      | 1 |  1.3
Stealth        | 3 |  3.1
Hexes          | 1 |  1.3
Air Magic      | 2 |  2.0
Dodging        | |  2.6

Action                   |  1- 3 |  4- 6 |  7- 9 || total
-------------------------+-------+-------+-------++-------
 Cast: Summon Small Mamm |    87 |    12 |     5 ||   104
       Call Canine Famil |    13 |    13 |    10 ||    36
       Summon Guardian G |     3 |     9 |     6 ||    18
       Summon Ice Beast  |       |     8 |       ||     8
       Summon Lightning  |       |    11 |     8 ||    19
  Use: Scroll            |       |     6 |       ||     6
       Potion            |       |     6 |       ||     6
  Eat: Chunk             |     9 |     9 |       ||    18
       Ration            |       |     1 |     3 ||     4
Armor: Robe              |     8 |     3 |     1 ||    12
Dodge: Dodged            |    31 |    11 |    12 ||    54
